 Dungeon Crawl Stone Soup version 0.19-b1-3-g7dea586 (webtiles) character file.

415 syranez the Skirmisher (level 6, 0/52 HPs)
             Began as a Centaur Fighter on Oct 28, 2016.
             Slain by an ogre
             ... wielding a +0 giant club
              (29 damage)
             ... on level 4 of the Dungeon.
             The game lasted 00:09:55 (5260 turns).

syranez the Skirmisher (Centaur Fighter)            Turns: 5260, Time: 00:09:56

Health: 0/52       AC: 10    Str: 18    XL:     6   Next: 60%
Magic:  15/15      EV:  4    Int:  8    God:
Gold:   181        SH: 10    Dex: 10    Spells: 0 memorised, 5 levels left

rFire  . . .     SeeInvis .     a - +0 war axe
rCold  . . .     Gourm    .     d - +0 ring mail {rN+}
rNeg   + . .     Faith    .     n - +2 shield
rPois  .         Spirit   .     (no helmet)
rElec  .         Reflect  .     (no cloak)
rCorr  +         Harm     .     (no gloves)
MR     .....                    w - +0 centaur barding
Stlth  ..........               (no amulet)
                                j - ring of magical power
                                e - ring of resist corrosion

@: very slightly contaminated, very quick
A: hooves 3, deformed body, speed 2, tough skin 3
a: no special abilities


You were on level 4 of the Dungeon.
You were not hungry.

You visited 1 branch of the dungeon, and saw 4 of its levels.

You collected 181 gold pieces.

Inventory:

Hand Weapons
 a - a +0 war axe (weapon)
 c - a +0 shortbow
 k - a +0 battleaxe
Missiles
 m - 88 stones (quivered)
Armour
 b - a +0 scale mail
 d - a +0 ring mail of positive energy (worn)
 n - a +2 shield (worn)
 t - a cursed -2 robe
 w - a +0 centaur barding (worn)
Jewellery
 e - a ring of resist corrosion (left hand)
 j - a ring of magical power (right hand)
Wands
 q - a wand of heal wounds (5/9)
 u - a wand of random effects (24/48)
Scrolls
 g - a scroll of fear
 l - a scroll of remove curse
 o - a scroll of magic mapping {unknown}
 p - a scroll of enchant weapon {unknown}
 s - a scroll of blinking {unknown}
Potions
 h - a potion of curing
 i - a potion of haste
 r - a potion of mutation {unknown}
Comestibles
 f - 2 bread rations
 v - 7 chunks of flesh


   Skills:
 + Level 4.2 Fighting
 + Level 3.9 Axes
 + Level 0.9 Throwing
 + Level 3.2 Armour
 + Level 0.9 Dodging
 + Level 3.0 Shields


You had 5 spell levels left.
You didn't know any spells.

Dungeon Overview and Level Annotations

Branches:
Dungeon (4/15)
 Temple: D:4-7

Altars:
Elyvilon

Annotations:
D:2 1 runed door
D:3 Sigmund; slayr's ghost, weakling VSTm


Innate Abilities, Weirdness & Mutations

You have hooves in place of feet.
Armour fits poorly on your strangely shaped body.
You cover ground very quickly.
You have extremely tough skin. (AC +3)


Message History

Aim: an ogre, wielding a giant club (moderately wounded)
You throw a stone.
The stone hits the ogre but does no damage.
The ogre is moderately wounded.
Throwing (i - inventory):
m - 89 stones (quivered)
Press: ? - help, Shift-Dir - straight line, f/p - ogre
Aim: an ogre, wielding a giant club (moderately wounded)
You throw a stone. The stone barely misses the ogre.
Throwing (i - inventory):
m - 88 stones (quivered)
Press: ? - help, Shift-Dir - straight line, f/p - ogre
Aim: an ogre, wielding a giant club (moderately wounded)
Okay, then.
You barely miss the ogre. You kick the ogre, but do no damage.
The ogre is moderately wounded.
The ogre hits you with a giant club!!
You slash the ogre!
The ogre is severely wounded.
The ogre hits you with a giant club!!
Ouch! That really hurt!
You die...

.......#.....#
.......#.....#####
#####..#.........#######
..#...............# ...
.#...............+ ...
#...............#
#######............<..#
. .....................#
................@......#
...............O.......#
.......................#
######.....(.........#
#....(####......#
+...(.#..'......#
######..(..#..#......#
.##....#.(...#..#......#
.......#O....#..#......#


You could see an ogre.

Vanquished Creatures
  Purgy (D:4)
  An orc wizard (D:4)
  A worker ant (D:3)
  Natasha (thrice) (D:2)
  A howler monkey zombie (D:3)
  5 gnolls
  2 adders (D:2)
  An ooze (D:3)
  An adder skeleton (D:4)
  5 worms
  3 dart slugs
  5 leopard geckos
  5 orcs
  10 bats
  6 giant cockroaches
  3 goblins
  15 hobgoblins
  2 kobolds
  A quokka (D:3)
  7 frilled lizards
  11 rats
89 creatures vanquished.

Notes
Turn   | Place    | Note
-------+----------+-------------------------------------------
     0 | D:1      | syranez the Centaur Fighter began the quest for the Orb.
     0 | D:1      | Reached XP level 1. HP: 19/19 MP: 1/1
   298 | D:1      | Reached XP level 2. HP: 26/26 MP: 2/2
  1152 | D:2      | Noticed Natasha
  1153 | D:2      | Noticed a crimson imp
  1167 | D:2      | Reached XP level 3. HP: 31/31 MP: 3/3
  1176 | D:2      | Killed Natasha
  1682 | D:2      | Reached XP level 4. HP: 35/38 MP: 4/4
  2419 | D:2      | Noticed Natasha
  2426 | D:2      | Killed Natasha
  2585 | D:2      | Noticed Natasha
  2596 | D:2      | Killed Natasha
  2596 | D:2      | Reached XP level 5. HP: 42/45 MP: 5/5
  2691 | D:2      | Found a runed door.
  3105 | D:3      | Noticed Sigmund
  3305 | D:3      | Noticed slayr's ghost (weakling VSTm)
  4379 | D:4      | Reached XP level 6. HP: 40/52 MP: 6/6
  4983 | D:4      | Found a white marble altar of Elyvilon.
  5188 | D:4      | Noticed Purgy
  5199 | D:4      | Killed Purgy
  5199 | D:4      | Reached skill level 4 in Fighting
  5260 | D:4      | Slain by an ogre

Skill      XL: |  1  2  3  4  5  6 |
---------------+-------------------+-----
Axes           | 2 3 |  3.9
Armour         | 3 |  3.2
Fighting       | 4 |  4.2
Shields        | 3 |  3.0
Throwing       | |  0.9
Dodging        | |  0.9

Action                   |  1- 3 |  4- 6 || total
-------------------------+-------+-------++-------
Melee: War axe           |   105 |   193 ||   298
       Kick              |    16 |    38 ||    54
Throw: Stone             |       |    26 ||    26
  Use: Potion            |     1 |     4 ||     5
       Scroll            |       |     6 ||     6
  Eat: Chunk             |     2 |     6 ||     8
       Bread ration      |       |     1 ||     1
Armor: Scale mail        |    86 |    77 ||   163
       Ring mail         |       |    11 ||    11
Dodge: Dodged            |    31 |    46 ||    77
Block: Shield            |    53 |   118 ||   171
